AoeStats
← liberal_aftermath

Arabia

510713897Analyzed
1v1 RM · 22h ago on Oct 2, 2026· 48m 56s· 2 players
Game mode
Random Map
Map size
Tiny (2 player)
Population
200
Speed
Normal
Resources
Standard
Victory
Conquest
Starting age
Dark Age
Ending age
Imperial Age
RankedLock teamsTeams togetherTeam positionsShared explorationLock speedFull tech treeHidden civsTurbo modeCheats
Victory
Defeat
🇨🇳 Slavs · China
590
+18
🇨🇳 Bulgarians · China
628
-18
Bu:)
10:33 Feudal Age
11:03 Double-Bit Axe
11:10 Horse Collar
12:58 Man-at-Arms
22:46 Castle Age
20:39 Loom
21:47 Forging
24:01 Bloodlines
24:41 Husbandry
24:25 Long Swordsman
25:30 Scale Barding Armor
30:13 Pikeman
35:49 Imperial Age
35:37 Wheelbarrow
35:13 Gold Mining
35:38 Bow Saw
36:11 Light Cavalry
38:29 Chemistry
38:51 Iron Casting
liberal_aftermath
2:01 Loom
13:26 Feudal Age
15:37 Wheelbarrow
16:35 Double-Bit Axe
18:08 Horse Collar
20:38 Forging
23:24 Castle Age
22:19 Scale Mail Armor
24:03 Bloodlines
24:09 Gambesons
24:57 Fletching
25:19 Squires
25:21 Gold Mining
26:04 Husbandry
37:44 Heavy Plow
39:13 Gold Shaft Mining
41:44 Imperial Age
42:59 Iron Casting
44:04 Hand Cart
Connection lost

Rejoining the realm…

Still unreachable

The connection could not be restored.

Session expired

The server has moved on; the page needs a fresh start.